 Dungeon Crawl Stone Soup version 0.28.0-49-g6dfe1f597d (webtiles) character file.

Game seed: 15074712819830689158

289710 acdeimund the Hoplite (level 21, 0/177 (191) HPs)
             Began as a Hill Orc Fighter on May 4, 2022.
             Was the Champion of Beogh.
             Slain by a war gargoyle
             ... wielding a +1 flail of draining
             ... led by a peacekeeper
              (9 damage)
             ... on level 4 of the Vaults on May 11, 2022.
             The game lasted 04:05:01 (55563 turns).

acdeimund the Hoplite (Hill Orc Fighter)           Turns: 55563, Time: 04:05:02

HP:   0/177 (191)   AC: 31    Str: 32    XL:     21   Next: 12%
MP:   33/33         EV: 15    Int: 10    God:    Beogh [******]
Gold: 3848          SH: 32    Dex: 18    Spells: 20/20 levels left

rFire   + . .      SeeInvis .   d - +6 eveningstar (drain)
rCold   + . .      Faith    .   s - +4 tower shield "Majank" {Slay+5}
rNeg    . . .      Spirit   .   k - +9 chain mail "Tesaiff" {rF+}
rPois   +          Reflect  +   N - +2 hat
rElec   +          Harm     .   U - +3 cloak of Eritus {rElec Dex+4}
rCorr   .          Rampage  .   (no gloves)
Will    ++...                   x - +0 pair of boots
Stlth   ..........              F - amulet of reflection
HPRegen 0.39/turn               y - +6 ring of strength
MPRegen 0.23/turn               j - ring "Yviotsaa" {rElec rPois rC+}

@: drained
A: walk on water, strong-willed 1, strong 1
}: 1/15 runes: decaying
a: Renounce Religion, Smiting, Recall Orcish Followers, Give Item to Named
Follower, Resurrection


You were on level 4 of the Vaults.
You worshipped Beogh.
Beogh was exalted by your worship.
You visited 8 branches of the dungeon, and saw 37 of its levels.
You visited the Abyss 2 times.
You also visited: Sewer and Bailey.

You collected 4953 gold pieces.
You spent 1105 gold pieces at shops.

Inventory:

Hand Weapons
 d - a +6 eveningstar of draining (weapon)
 u - the +9 mace of Victory {antimagic, Dex+3}
   (You found it on level 14 of the Dungeon)

   It reduces the magical energy of the wielder, and disrupts the spells and
   magical abilities of those it strikes.
   Natural abilities and divine invocations are not affected.
   Dex:       It affects your dexterity (+3).
 J - the +7 morningstar "Bupn" {spect, rPois rF++ Int-3}
   (You bought it in a shop on level 8 of the Dungeon)

   When its wielder attacks, the weapon's spirit leaps out and strikes again.
   The spirit shares a part of any damage it takes with its wielder.
   Int:       It affects your intelligence (-3).
   rF:        It greatly protects you from fire.
   rPois:     It protects you from poison.
Armour
 k - the +9 chain mail "Tesaiff" (worn) {rF+}
   (You found it on level 2 of the Dungeon)

   rF:        It protects you from fire.
 s - the +4 tower shield "Majank" (worn) {Slay+5}
   (You took it off Louise on level 1 of the Elven Halls)

   Slay:      It affects your accuracy & damage with ranged weapons and melee
   (+5).
 x - a +0 pair of boots (worn)
 N - a +2 hat (worn)
 U - the +3 cloak of Eritus (worn) {rElec Dex+4}
   (You found it on level 3 of the Vaults)

   Dex:       It affects your dexterity (+4).
   rElec:     It insulates you from electricity.
 X - a +0 cloak of preservation
Jewellery
 e - the ring of Uhetug {rElec rC+ MP+9 Dex-4 SInv}
   (You found it on level 3 of the Vaults)

   [ring of protection from cold]

   Dex:       It affects your dexterity (-4).
   rC:        It protects you from cold.
   rElec:     It insulates you from electricity.
   MP:        It affects your magic capacity (+9).
   SInv:      It lets you see invisible.
 j - the ring "Yviotsaa" (right hand) {rElec rPois rC+}
   (You found it on level 2 of the Spider Nest)

   [ring of poison resistance]

   rC:        It protects you from cold.
   rElec:     It insulates you from electricity.
   rPois:     It protects you from poison.
 y - a +6 ring of strength (left hand)
 F - an amulet of reflection (around neck)
Wands
 g - a wand of flame (65)
 o - a wand of iceblast (11)
 L - a wand of charming (2)
 O - a wand of acid (6)
 P - a wand of mindburst (29)
Scrolls
 b - 2 scrolls of fog
 c - 2 scrolls of magic mapping
 l - 17 scrolls of teleportation
 m - 9 scrolls of enchant armour
 t - 5 scrolls of amnesia
 v - 4 scrolls of fear
 A - a scroll of blinking
 C - 6 scrolls of vulnerability
 E - 4 scrolls of holy word
 Q - a scroll of silence
 Z - 15 scrolls of identify
Potions
 a - 2 potions of flight
 h - 4 potions of resistance
 i - 16 potions of curing
 n - 3 potions of mutation
 p - 2 potions of cancellation
 q - 4 potions of haste
 r - 3 potions of attraction
 w - 6 potions of magic
 D - 3 potions of brilliance
 G - a potion of might
 I - 6 potions of lignification
 K - 2 potions of ambrosia
 M - a potion of berserk rage
 R - a potion of invisibility
 T - 2 potions of heal wounds
Miscellaneous
 f - a lightning rod (4/4)
 B - a box of beasts
 V - a phantom mirror
 W - a phial of floods


   Skills:
 + Level 17.1 Fighting
 - Level 16.0 Maces & Flails
 + Level 15.8 Armour
 + Level 11.4 Dodging
 * Level 21.7 Shields
 + Level 17.1 Invocations
 + Level 14.7 Evocations


You had 20 spell levels left.
You didn't know any spells.
Your spell library contained the following spells:

 Spells                   Type           Power      Damage    Failure   Level
 Animate Skeleton         Necr           0%         N/A       89%         1
 Apportation              Tloc           0%         N/A       89%         1
 Foxfire                  Conj/Fire      0%         2x1d4     89%         1
 Freeze                   Ice            0%         1d3       89%         1
 Magic Dart               Conj           0%         1d3       89%         1
 Pain                     Necr           0%         1d4       89%         1
 Summon Small Mammal      Summ           0%         N/A       89%         1
 Scorch                   Fire           0%         2d5       96%         2
 Searing Ray              Conj           0%         2d4       96%         2
 Call Canine Familiar     Summ           0%         N/A       99%         3
 Conjure Flame            Conj/Fire      0%         6-21      99%         3
 Dazzling Flash           Conj/Hex       0%         N/A       99%         3
 Frozen Ramparts          Ice            0%         1d2       99%         3
 Inner Flame              Hex/Fire       0%         N/A       99%         3
 Summon Guardian Golem    Hex/Summ       0%         N/A       99%         3
 Airstrike                Air            0%         N/A       100%        4
 Animate Armour           Summ/Erth      0%         N/A       100%        4
 Cause Fear               Hex            0%         N/A       100%        4
 Flame Wave               Conj/Fire      0%         2d4       100%        4
 Fulminant Prism          Conj/Hex       0%         3d6       100%        4
 Hailstorm                Conj/Ice       0%         3d3       100%        4
 Iskenderun's Mystic Bla  Conj/Tloc      0%         2d3       100%        4
 Summon Lightning Spire   Summ/Air       0%         N/A       100%        4
 Agony                    Necr           0%         N/A       100%        5
 Blade Hands              Tmut           0%         N/A       100%        5
 Excruciating Wounds      Necr           0%         N/A       100%        5
 Fireball                 Conj/Fire      0%         3d3       100%        5
 Iskenderun's Battlesphe  Conj           0%         2d6       100%        5
 Lightning Bolt           Conj/Air       0%         1d11      100%        5
 Silence                  Hex/Air        0%         N/A       100%        5
 Conjure Ball Lightning   Conj/Air       0%         3x3d6     100%        6
 Iron Shot                Conj/Erth      0%         9d1       100%        6
 Starburst                Conj/Fire      0%         6d3       100%        6
 Summon Cactus Giant      Summ           0%         N/A       100%        6
 Dragon Form              Tmut           0%         N/A       100%        7
 Orb of Destruction       Conj           0%         9d5       100%        7
 Chain Lightning          Conj/Air       0%         N/A       100%        9
 Dragon's Call            Summ           0%         N/A       100%        9
 Fire Storm               Conj/Fire      0%         5d1       100%        9
 Shatter                  Erth           0%         3d5*      100%        9


Dungeon Overview and Level Annotations

Branches:
Dungeon (15/15)            Temple (1/1) D:6            Lair (6/6) D:9
  Swamp (4/4) Lair:3       Spider (2/4) Lair:3        Slime (0/5) Lair:5
    Orc (2/2) D:10            Elf (3/3) Orc:2        Vaults (4/5) D:14
  Crypt (0/3) Vaults:2     Depths (0/4) D:15          Sewer (visited)
 Bailey (visited)

Altars:
Nemelex Xobeh
Vehumet

Shops:
D:8 (   D:11 *[   D:14 !   Orc:2 *:*[   Vaults:3 (   Vaults:4 :

Annotations:
D:10 1 runed translucent door, exclusion: orange crystal statue
Elf:2 1 runed translucent door, Timpihef's ghost, adept OpAK
Vaults:2 2 transporters
Vaults:3 4 runed translucent doors


Innate Abilities, Weirdness & Mutations

You can walk on water.
You are strong-willed. (Will+)
Your muscles are strong. (Str +2)


Message History

The war gargoyle hits you with a +0 flail.
* * * LOW HITPOINT WARNING * * *
You barely miss the war gargoyle. You block the war gargoyle's attack.
The deep troll bites you!
* * * LOW HITPOINT WARNING * * *
You block the deep troll's attack. x2; You block the war gargoyle's attack.
You impale the war gargoyle!!
The war gargoyle is moderately damaged.
You block the war gargoyle's attack. You block the deep troll's attack.
The deep troll barely misses you. You block the deep troll's attack.
The war gargoyle launches metal splinters at you.
The spray of metal splinters hits you but does no damage.
The war gargoyle hits you but does no damage.
You feel drained.
You hit the war gargoyle but do no damage.
The war gargoyle is moderately damaged.
The war gargoyle hits you with a +0 flail.
* * * LOW HITPOINT WARNING * * *
The deep troll completely misses you. You block the deep troll's attack. x2
The war gargoyle hits you with a +1 flail of draining!
* * * LOW HITPOINT WARNING * * *
You feel drained.
* * * LOW HITPOINT WARNING * * *
Blink to where?
Press: ? - help, Dir - move target, f - you
Okay, then.
The war gargoyle launches metal splinters at you.
The spray of metal splinters hits you.
* * * LOW HITPOINT WARNING * * *
You block the deep troll's attack. x2
The deep troll claws you but does no damage.
The war gargoyle launches metal splinters at you.
The spray of metal splinters hits you!
* * * LOW HITPOINT WARNING * * *
The yaktaur captain shoots a bolt.
You reflect the bolt off an invisible shield around you!
The bolt hits the deep troll!!
You block the deep troll's attack. x2
The deep troll claws you but does no damage.
The war gargoyle hits you with a +1 flail of draining!
You die...

###########..#
.............#
.............#
.............#
##.........#
#^........#
#...∩.....#
#.........#
#......@..#
#....cT99.#
#.........#
+......)).#
#.........#
...........#
...........#
#####+#....#
#....#


You could see a yaktaur captain, a deep troll and 2 war gargoyles.

Vanquished Creatures
  Mara (Swamp:3)
  Nikola (Swamp:2)
  A bone dragon (Swamp:4)
  The ghost of Jingleheimer the Naga Aeon, an adept NaFi of Cheibriados (Vaults:3)
  2 hellephants (Elf:1)
  Asterion (Vaults:3)
  A tentacled starspawn (Abyss:2)
  Gastronok (Lair:2)
  A thorn hunter (Swamp:4)
  A tengu reaver (Vaults:3)
  8 sphinxes
  A fire giant (Vaults:3)
  A fenstrider witch (Swamp:3)
  A deep elf sorcerer (Elf:2)
  8 vault wardens
  2 orc warlords (Vaults:1)
  8 deep elf elementalists
  The ghost of acdeimund the Fighter, a journeyman HOFi of Beogh (Lair:5)
  12 ironbound preservers
  5 ironbound thunderhulks
  2 stone giants
  12 very ugly things
  The ghost of Mumum the Arsonist, a journeyman DrFE of Vehumet (Lair:5)
  3 broodmothers
  2 eleionomae
  3 deep elf demonologists
  2 bunyips
  2 entropy weavers (Spider:1)
  A deep elf annihilator (Elf:2)
  Azrael (Elf:2)
  A red draconian (Abyss:2)
  11 dire elephants
  A fire dragon (D:15)
  A spark wasp (shapeshifter) (Elf:1)
  3 ettins
  2 deep elf death magi (Elf:2)
  2 shambling mangroves
  2 crystal guardians (Vaults:4)
  A deep elf high priest (Elf:1)
  12 yaktaur captains
  6 great orbs of eyes
  A hydra (shapeshifter) (Elf:1)
  3 boulder beetles
  Harold (Lair:1)
  9 vault guards
  8 hydras
  4 ghost crabs (Swamp:4)
  4 catoblepae
  2 peacekeepers
  An ogre mage (Vaults:3)
  A two-headed ogre (D:11)
  7 ironbound frosthearts
  11 centaur warriors
  24 dancing weapons
  4 death yaks
  A satyr (shapeshifter) (D:14)
  A vampire mage (Vaults:2)
  3 alligators
  3 tengu warriors
  An orc high priest (Orc:2)
  Nergalle (Lair:1)
  Urug (Lair:2)
  A wretched star (Abyss:2)
  Sonja (Lair:1)
  20 deep elf knights
  A pharaoh ant (Lair:3)
  A sun moth (Spider:1)
  6 goliath frogs
  A glowing orange brain (Vaults:3)
  3 spriggan druids
  17 deep trolls
  4 swamp dragons
  7 deep elf archers
  7 bog bodies
  3 orb spiders
  4 phantasmal warriors
  A shadow dragon zombie (Vaults:3)
  2 spectral hydras (Swamp:4)
  A tengu zombie (Vaults:3)
  21 ironbound convokers
  3 wizards
  11 harpies
  19 deep elf pyromancers
  26 deep elf zephyrmancers
  2 necromancers (Vaults:3)
  4 orc knights
  3 lindwurms (Vaults:2)
  A tengu skeleton (Vaults:3)
  An orc sorcerer (Orc:1)
  A stone giant zombie (Vaults:3)
  5 wolf spiders
  A human zombie (Vaults:3)
  3 manticores
  Maurice (D:10)
  A moth of wrath (Spider:1)
  3 will-o-the-wisps
  7 ugly things
  10 elephants
  6 cyclopes
  4 black mambas
  13 vault sentinels
  4 apocalypse crabs (Elf:1)
  5 cane toads
  3 unseen horrors
  24 yaktaurs
  4 demonic crawlers
  3 swamp worm zombies (Swamp:4)
  2 rime drakes
  11 komodo dragons
  A freezing wraith (Vaults:3)
  2 efreet
  2 tengu conjurers
  3 hydra zombies (Swamp:4)
  2 ancient zymes (Abyss:2)
  A troll (shapeshifter) (D:15)
  5 meliai
  14 hornets
  3 bloated husks (Swamp:4)
  7 trolls
  Grinder (D:6)
  8 tarantellas
  4 raiju (Abyss:2)
  8 tyrant leeches
  2 alligator zombies (Swamp:4)
  6 dream sheep
  13 slime creatures
  21 blink frogs
  A spectral swamp dragon (Swamp:4)
  A flying skull (Elf:2)
  2 dream sheep (shapeshifter) (Elf:1)
  10 culicivoras
  19 jumping spiders
  8 large abominations
  A shadow (D:9)
  6 spriggans
  3 vampires (Vaults:2)
  A water elemental (Elf:2)
  A yak (shapeshifter) (Elf:1)
  2 wyverns
  Grum (D:11)
  A neqoxec (Abyss:2)
  42 yaks
  4 fire elementals
  A basilisk (Lair:1)
  13 vampire mosquitoes
  A steam dragon (D:8)
  A swamp worm (shapeshifter) (Elf:1)
  15 redbacks
  10 swamp worms
  A warg (Orc:1)
  3 acid dragons
  17 water moccasins
  3 hell hounds (Elf:2)
  A hornet zombie (D:6)
  2 swamp drakes
  19 orc warriors
  A black bear (D:5)
  4 swamp dragon zombies (Swamp:4)
  4 ogres
  4 starcursed masses (Abyss:2)
  4 necrophages
  14 boggarts
  16 wolves
  15 centaurs
  7 phantoms
  3 kobold brigands
  10 bullfrogs
  2 gnoll sergeants
  2 scorpions (D:6)
  2 wyvern zombies
  12 small abominations
  2 earth elementals
  A water moccasin skeleton (D:5)
  4 electric eels
  10 wights
  3 howler monkeys
  4 centaur zombies
  A hound (D:6)
  6 jellies
  6 orc priests
  A centaur skeleton (D:7)
  Crazy Yiuf (D:3)
  2 gnoll shamans
  4 iguanas
  15 orc wizards
  2 spectral swamp drakes (Swamp:4)
  6 hell rats (Lair:5)
  A hound skeleton (D:4)
  16 gnolls
  2 howler monkey zombies
  2 swamp drake zombies (Swamp:4)
  12 adders
  2 shadow imps (D:6)
  2 white imps (D:7)
  An adder skeleton (D:4)
  3 worms
  3 dart slugs
  78 orcs
  7 ball pythons
  7 bats
  12 endoplasms
  3 giant cockroaches
  10 goblins
  5 hobgoblins
  2 jackals (D:5)
  A quokka (D:3)
  4 frilled lizards
  22 kobolds
  10 rats
  A spectral kobold (D:3)
  2 briar patches (Swamp:4)
1171 creatures vanquished.

Vanquished Creatures (collateral kills)
  Jorgrun (Elf:1)
  A thorn hunter (Swamp:3)
  Kirke (Lair:4)
  A vault warden (Vaults:2)
  Louise (Elf:1)
  An eleionoma (Swamp:1)
  A bunyip (Swamp:1)
  A yaktaur captain (D:15)
  An ettin (D:15)
  A deep elf high priest (Vaults:3)
  8 hydras
  2 boulder beetles
  2 centaur warriors
  An ironbound frostheart (Vaults:3)
  4 vault guards (D:14)
  A dancing weapon (Elf:1)
  2 alligators
  10 death yaks
  2 tengu warriors (D:15)
  2 orc high priests (Orc:2)
  A pharaoh ant (Lair:3)
  2 swamp dragons (Swamp:3)
  A spriggan druid (Swamp:3)
  A deep elf archer (Elf:1)
  A bog body (Swamp:1)
  5 orc knights
  A tengu zombie (Vaults:3)
  4 deep elf pyromancers
  2 wolf spiders
  4 deep elf zephyrmancers (Elf:1)
  A will-o-the-wisp (Swamp:1)
  3 ugly things (D:15)
  A cyclops (D:14)
  2 manticores
  2 orc sorcerers (Orc:2)
  4 elephants
  3 cane toads
  A yaktaur (Vaults:1)
  A demonic crawler (Lair:3)
  A freezing wraith (D:14)
  2 komodo dragons (Lair:6)
  2 kobold demonologists (D:14)
  4 trolls
  2 meliai (D:14)
  A tarantella (Lair:3)
  10 blink frogs
  3 hornets
  A spectral swamp dragon (Swamp:4)
  An alligator zombie (Swamp:4)
  A jumping spider (Lair:3)
  3 spriggans
  A hog (Lair:4)
  17 yaks
  2 basilisks
  A wyvern (Lair:6)
  8 redbacks
  4 vampire mosquitoes
  3 swamp worms
  An acid dragon (D:14)
  3 water moccasins
  5 orc warriors
  An ogre (Orc:1)
  2 centaurs (D:12)
  2 kobold brigands (D:14)
  2 bullfrogs
  An earth elemental (Elf:1)
  6 orc priests
  3 orc wizards
  A hell rat (Lair:5)
  15 orcs
  5 briar patches (Swamp:3)
  A fungus (Lair:6)
199 creatures vanquished.

Vanquished Creatures (others)
  An orc warlord (Swamp:3)
  An orc high priest (Elf:1)
  A deep elf knight (Elf:2)
  14 orc knights
  A bog body (Swamp:2)
  A wizard (Vaults:2)
  2 deep elf pyromancers (Elf:1)
  4 orc sorcerers
  3 bloated husks
  4 humans (Lair:4)
  2 spriggans
  22 orc warriors
  A phantom (Swamp:4)
  5 orc wizards
  19 orc priests
  37 orcs
  A briar patch (Swamp:3)
  15 foxfires
  36 fungi
  52 plants
  2 starspawn tentacles (Abyss:2)
  2 withered plants (Lair:5)
226 creatures vanquished.

Grand Total: 1596 creatures vanquished

Notes
Turn   | Place    | Note
-------+----------+-------------------------------------------
     0 | D:1      | acdeimund the Hill Orc Fighter began the quest for the Orb.
     0 | D:1      | Reached XP level 1. HP: 19/19 MP: 1/1
   214 | D:1      | Reached XP level 2. HP: 27/27 MP: 2/2
   527 | D:1      | Reached XP level 3. HP: 22/33 MP: 3/3
  1226 | D:2      | Identified the +9 chain mail "Tesaiff" {rF+}
  1368 | D:2      | Reached XP level 4. HP: 39/40 MP: 4/4
  1727 | D:3      | Found a faded altar of an unknown god.
  1815 | D:3      | Found a glowing drain.
  1962 | D:3      | Reached XP level 5. HP: 46/46 MP: 5/5
  1969 | Sewer    | Entered a sewer
  2158 | Sewer    | Reached skill level 5 in Maces & Flails
  2236 | Sewer    | Noticed a kobold brigand
  2251 | Sewer    | Killed a kobold brigand
  2252 | Sewer    | Reached XP level 6. HP: 45/52 MP: 6/6
  2599 | D:3      | Found a runed translucent door.
  2600 | D:3      | Noticed Crazy Yiuf
  2612 | D:3      | Killed Crazy Yiuf
  3671 | D:4      | Reached XP level 7. HP: 56/59 MP: 7/7
  4023 | D:5      | Entered Level 5 of the Dungeon
  4506 | D:5      | Found a sparkling altar of Nemelex Xobeh.
  4651 | D:5      | Reached XP level 8. HP: 66/66 MP: 8/8
  4942 | D:6      | Reached skill level 10 in Maces & Flails
  5126 | D:6      | Found a staircase to the Ecumenical Temple.
  5127 | D:6      | Became a worshipper of Beogh the Brigand
  5526 | D:6      | Reached XP level 9. HP: 69/71 MP: 9/9
  5575 | D:6      | Noticed Grinder
  5612 | Temple   | Entered the Ecumenical Temple
  5667 | D:6      | Killed Grinder
  6792 | D:6      | Reached * piety under Beogh
  7300 | D:7      | Noticed a komodo dragon
  7304 | D:7      | Killed a komodo dragon
  7471 | D:7      | Reached skill level 4 in Shields
  7471 | D:7      | Reached skill level 1 in Invocations
  7602 | D:7      | Noticed a deep elf pyromancer
  7678 | D:7      | Killed a deep elf pyromancer
  7679 | D:7      | Reached skill level 5 in Fighting
  7679 | D:7      | Reached skill level 1 in Dodging
  7679 | D:7      | Reached XP level 10. HP: 77/81 MP: 9/11
  8013 | D:8      | Reached skill level 5 in Armour
  8372 | D:8      | Reached ** piety under Beogh
  8406 | D:8      | Reached skill level 5 in Shields
  8744 | D:8      | Identified the ring "Bicucyew" {rPois Dex+4 Stlth-}
  9050 | D:8      | Found Pestiow's Antique Weapon Shop.
  9057 | D:8      | Bought an ebony morningstar for 180 gold pieces
  9057 | D:8      | Identified the +7 morningstar "Bupn" {spect, rPois rF++
                  | Int-3} (You bought it in a shop on level 8 of the Dungeon)
  9430 | D:9      | Reached XP level 11. HP: 86/92 MP: 14/14
  9505 | D:9      | Found a staircase to the Lair.
  9738 | D:9      | Identified the +8 spear "Vuupamn" {pain, Will++ Str+8
                  | Int-5}
 10081 | D:10     | Entered Level 10 of the Dungeon
 10233 | D:10     | Found a flagged portal.
 10264 | Bailey   | Entered a bailey
 10829 | Bailey   | Reached skill level 5 in Invocations
 11067 | Bailey   | Acquired the +0 tower shield of Courage {+Blink rPois
                  | Int+4}
 11142 | Bailey   | Reached skill level 6 in Shields
 11813 | D:10     | Noticed Maurice
 11824 | D:10     | Killed Maurice
 11930 | D:10     | Noticed a harpy
 11930 | D:10     | Noticed a great orb of eyes
 11930 | D:10     | Noticed an ettin
 11931 | D:10     | Found a runed translucent door.
 11933 | D:10     | Noticed a yaktaur captain
 11933 | D:10     | Noticed a frost giant
 11933 | D:10     | Noticed a stone giant
 11933 | D:10     | Noticed a frost giant
 11933 | D:10     | Noticed a sphinx
 12025 | D:10     | Found a staircase to the Orcish Mines.
 12043 | D:10     | Reached *** piety under Beogh
 12144 | D:10     | Noticed an orange crystal statue
 12754 | D:11     | Noticed a two-headed ogre
 12760 | D:11     | Killed a two-headed ogre
 13007 | D:11     | Found Gonenah's Antique Armour Boutique.
 13017 | D:11     | Bought a distressingly furry chain mail for 228 gold pieces
 13017 | D:11     | Identified the +1 chain mail of Verdant Miracles {+Inv
                  | rElec rF+ rCorr} (You bought it in a shop on level 11 of
                  | the Dungeon)
 13234 | D:11     | Found Xecagg's Assorted Antiques.
 13251 | D:11     | Bought 2 scrolls labelled ETYWKIO FATHATOP for 64 gold
                  | pieces
 13316 | D:11     | Noticed Grum
 13319 | D:11     | Killed Grum
 13324 | D:11     | Reached skill level 5 in Evocations
 13836 | Lair:1   | Entered Level 1 of the Lair of Beasts
 13836 | Lair:1   | Noticed a five-headed hydra
 13844 | D:9      | Killed a five-headed hydra
 13845 | D:9      | Reached XP level 12. HP: 95/103 MP: 16/16
 13916 | Lair:1   | Noticed Harold
 13923 | Lair:1   | Killed Harold
 14329 | Lair:1   | Noticed Nergalle
 14336 | Lair:1   | Killed Nergalle
 14812 | Lair:1   | Reached skill level 7 in Shields
 14980 | Lair:1   | Noticed Sonja
 15014 | Lair:1   | Killed Sonja
 15268 | Lair:2   | Noticed Gastronok
 15295 | Lair:2   | Killed Gastronok
 15313 | Lair:2   | Found a gate leading to a gauntlet.
 15766 | Lair:2   | Noticed Urug
 15773 | Lair:2   | Killed Urug
 16174 | Lair:3   | Reached **** piety under Beogh
 16491 | Lair:3   | Reached skill level 8 in Shields
 16495 | Lair:3   | Reached XP level 13. HP: 67/111 MP: 16/18
 16717 | Lair:3   | Reached skill level 15 in Maces & Flails
 17070 | Lair:3   | Found a hole to the Spider Nest.
 17091 | Lair:3   | Found a staircase to the Swamp.
 17551 | Swamp:1  | Entered Level 1 of the Swamp
 17936 | Lair:4   | Gained Wargath as an ally
 17978 | Lair:4   | Noticed Kirke
 17993 | Lair:4   | Killed Kirke
 18210 | Lair:4   | Reached skill level 9 in Shields
 18508 | Lair:4   | Reached skill level 10 in Fighting
 18629 | Lair:5   | Reached skill level 10 in Evocations
 18817 | Lair:5   | Reached skill level 5 in Dodging
 18882 | Lair:5   | Found the +1 robe of Vines {NoPotionHeal Regen++++}
 19181 | Lair:5   | Reached ***** piety under Beogh
 19187 | Lair:5   | Reached skill level 10 in Shields
 19235 | Lair:5   | Reached XP level 14. HP: 107/122 MP: 20/20
 19304 | Lair:5   | Found a staircase to the Slime Pits.
 19413 | Lair:5   | Found a runed translucent gate.
 19413 | Lair:5   | Found a runed translucent gate.
 19413 | Lair:5   | Found a runed translucent gate.
 19414 | Lair:5   | Noticed Mumum's ghost (journeyman DrFE)
 19414 | Lair:5   | Noticed acdeimund's ghost (journeyman HOFi)
 19449 | Lair:5   | Killed Mumum's ghost
 19454 | Lair:5   | Killed acdeimund's ghost
 19768 | Lair:5   | Reached skill level 10 in Armour
 20071 | Lair:6   | Entered Level 6 of the Lair of Beasts
 20135 | Lair:6   | Gained Murdo as an ally
 20155 | Lair:6   | Reached skill level 11 in Shields
 20668 | Lair:6   | Reached skill level 12 in Shields
 21340 | Lair:6   | Reached skill level 10 in Invocations
 21380 | Lair:6   | Gained Ugrim as an ally
 21381 | Lair:6   | Reached skill level 13 in Shields
 21802 | Orc:1    | Entered Level 1 of the Orcish Mines
 21965 | Orc:1    | Reached ****** piety under Beogh
 22041 | Orc:1    | You fall into a shaft and drop 1 floor!
 22041 | Orc:2    | Entered Level 2 of the Orcish Mines
 22308 | Orc:2    | Found a staircase to the Elven Halls.
 22358 | Orc:2    | Reached XP level 15. HP: 132/132 MP: 6/22
 22363 | Orc:2    | Gained Bogbrand as an ally
 22601 | Orc:2    | Found Faxtel's General Store.
 22601 | Orc:2    | Found Loledism's Book Shop.
 22608 | Orc:2    | Found Xucol's Antique Armour Shop.
 22608 | Orc:2    | Found Gean's General Store.
 22623 | Orc:2    | Bought a runed scarf for 240 gold pieces
 22623 | Orc:2    | Bought an embroidered cloak for 225 gold pieces
 23256 | D:12     | Reached skill level 14 in Shields
 25239 | D:14     | Identified the +9 mace of Victory {antimagic, Dex+3}
 25382 | D:14     | Found Qahir's Distillery.
 25390 | D:14     | Bought a potion of lignification for 36 gold pieces
 25390 | D:14     | Bought 2 potions of lignification for 72 gold pieces
 25390 | D:14     | Bought a potion of heal wounds for 60 gold pieces
 25530 | D:14     | Reached skill level 15 in Shields
 25567 | D:14     | Found a gate to the Vaults.
 25604 | D:14     | Gained Boldo as an ally
 25954 | D:15     | Entered Level 15 of the Dungeon
 26963 | D:15     | Found a runed translucent door.
 26971 | D:15     | Noticed a sphinx
 26976 | D:15     | Killed a sphinx
 27226 | D:15     | Your ally Murdo died
 27233 | D:15     | Found the ring of the Mage {Wiz Archmagi}
 27509 | D:15     | Found a staircase to the Depths.
 27653 | D:15     | Reached skill level 16 in Shields
 28116 | Swamp:1  | Reached XP level 16. HP: 136/141 MP: 24/24
 28967 | Swamp:1  | Acquired 701 gold pieces
 28969 | Swamp:1  | Acquired the ring "Ypsyaps" {rElec rPois}
 29398 | Swamp:2  | Noticed Nikola
 29405 | Swamp:2  | Killed Nikola
 29773 | Swamp:2  | Identified the +1 great sword "Sarcophage" {freeze, Will-
                  | Int+5}
 29958 | Swamp:3  | Noticed Mara
 29969 | Swamp:3  | Killed Mara
 30093 | Swamp:3  | Noticed a thorn hunter
 30099 | Swamp:3  | Your ally Wargath died
 30106 | Swamp:3  | Killed a thorn hunter
 30432 | Swamp:3  | Identified the +6 plate armour of the Mind {*Corrode Int+6
                  | Slay+4 Stlth+}
 30513 | Swamp:3  | Reached skill level 17 in Shields
 30705 | Spider:1 | Entered Level 1 of the Spider Nest
 30942 | Lair:3   | Gained Margrim as an ally
 31434 | Lair:3   | Your ally Margrim died
 31716 | Spider:1 | Gained Alork as an ally
 32788 | Spider:2 | Your ally Alork died
 33001 | Spider:2 | Identified the ring "Yviotsaa" {rElec rPois rC+}
 33123 | Spider:2 | Reached XP level 17. HP: 150/151 MP: 26/26
 33900 | Elf:1    | Entered Level 1 of the Elven Halls
 33900 | Elf:1    | You fall into a shaft and drop 1 floor!
 35367 | Elf:2    | Found a runed translucent gate.
 35369 | Elf:2    | Found a runed translucent gate.
 35369 | Elf:2    | Found a runed translucent gate.
 35476 | Elf:2    | Reached skill level 18 in Shields
 35563 | Elf:2    | Noticed Azrael
 35578 | Elf:2    | Killed Azrael
 35799 | Elf:2    | Found a runed translucent door.
 35801 | Elf:2    | Noticed Timpihef's ghost (adept OpAK)
 36959 | Elf:1    | Found a radiant altar of Vehumet.
 37361 | Elf:1    | Found a huge runed gate.
 37361 | Elf:1    | Found a huge runed gate.
 37365 | Elf:1    | Found a huge runed gate.
 37365 | Elf:1    | Found a huge runed gate.
 37366 | Elf:1    | Found a huge runed gate.
 37366 | Elf:1    | Found a huge runed gate.
 37367 | Elf:1    | Found a huge runed gate.
 37368 | Elf:1    | Found a huge runed gate.
 37368 | Elf:1    | Found a huge runed gate.
 37368 | Elf:1    | Found a huge runed gate.
 37374 | Elf:1    | Found a huge runed gate.
 37374 | Elf:1    | Found a huge runed gate.
 37374 | Elf:1    | Found a huge runed gate.
 37374 | Elf:1    | Found a huge runed gate.
 37374 | Elf:1    | Found a huge runed gate.
 37374 | Elf:1    | Found a huge runed gate.
 37375 | Elf:1    | Found a huge runed gate.
 37375 | Elf:1    | Identified the +4 tower shield "Majank" {Slay+5}
 37375 | Elf:1    | Noticed Louise
 37376 | Elf:1    | Found a huge runed gate.
 37377 | Elf:1    | Found a huge runed gate.
 37379 | Elf:1    | Noticed Jorgrun
 37383 | Elf:1    | Killed Louise
 37391 | Elf:1    | Killed Jorgrun
 37426 | Elf:1    | Found a huge runed gate.
 37426 | Elf:1    | Found a huge runed gate.
 37426 | Elf:1    | Found a huge runed gate.
 37426 | Elf:1    | Found a huge runed gate.
 37426 | Elf:1    | Found a huge runed gate.
 37427 | Elf:1    | Found a huge runed gate.
 37428 | Elf:1    | Found a huge runed gate.
 37560 | Elf:1    | Your ally Boldo died
 37566 | Elf:1    | Reached XP level 18. HP: 148/161 MP: 28/28
 37960 | Elf:1    | Found a huge runed gate.
 37961 | Elf:1    | Found a huge runed gate.
 37961 | Elf:1    | Found a huge runed gate.
 37962 | Elf:1    | Found a huge runed gate.
 37963 | Elf:1    | Found a huge runed gate.
 37964 | Elf:1    | Found a huge runed gate.
 37965 | Elf:1    | Found a huge runed gate.
 37987 | Elf:1    | Found a huge runed gate.
 37987 | Elf:1    | Found a huge runed gate.
 37994 | Elf:1    | Found a huge runed gate.
 38035 | Elf:1    | Noticed a hellephant
 38036 | Elf:1    | Noticed a hellephant
 38044 | Elf:1    | Your ally Bogbrand died
 38049 | Elf:1    | Your ally Ugrim died
 38207 | Elf:1    | Killed a hellephant
 38478 | Elf:1    | Killed a hellephant
 40156 | Swamp:3  | Reached skill level 19 in Shields
 40308 | Swamp:4  | Entered Level 4 of the Swamp
 40729 | Swamp:4  | Reached skill level 15 in Fighting
 41621 | Swamp:4  | Upgraded the game from 0.28.0-47-ge53b351184 to
                  | 0.28.0-49-g6dfe1f597d
 41913 | Swamp:4  | Gained Borgk as an ally
 42300 | Swamp:4  | Your ally Borgk died
 42313 | Swamp:4  | Noticed a bone dragon
 42564 | Swamp:4  | Killed a bone dragon
 42835 | Swamp:4  | Got a decaying rune of Zot
 43223 | Elf:3    | Entered Level 3 of the Elven Halls
 43719 | Elf:2    | Reached skill level 15 in Invocations
 44058 | Elf:3    | Reached XP level 19. HP: 128/158 MP: 30/30
 44240 | Elf:2    | Reached skill level 10 in Dodging
 44515 | Elf:3    | Cast into level 2 of the Abyss (a deep elf demonologist)
 44528 | Abyss:2  | Gained mutation: You occasionally shout uncontrollably at
                  | your foes. [a neqoxec]
 44529 | Abyss:2  | Gained mutation: Your body sometimes deteriorates upon
                  | taking damage. [a neqoxec]
 44535 | Abyss:2  | Found a corrupted altar of Lugonu.
 44582 | Abyss:2  | Gained mutation: You are dopey. (Int -2) [a neqoxec]
 44889 | Elf:3    | Escaped the Abyss
 45867 | Vaults:1 | Entered Level 1 of the Vaults
 45911 | Vaults:1 | Identified the +8 scimitar "Killer Klown's Bane" {drain,
                  | rCorr Dex+4}
 46215 | Vaults:1 | Identified the +6 spear of the Extremes {chaos, *Corrode
                  | *Slow MP+9 Int+8}
 46222 | Vaults:1 | Gained Bogmar as an ally
 46228 | Vaults:1 | Your ally Bogmar died
 46261 | Vaults:1 | HP: 8/171 [ironbound frostheart/creeping frost (18)]
 47178 | Vaults:1 | Reached skill level 20 in Shields
 48340 | Vaults:1 | Paralysed by a great orb of eyes for 4 turns
 48783 | Vaults:2 | Paralysed by a sphinx for 7 turns
 48907 | Vaults:2 | HP: 1/172 [ironbound frostheart (16)]
 50029 | Vaults:2 | Reached skill level 15 in Armour
 50227 | Vaults:2 | Reached XP level 20. HP: 141/181 MP: 32/32
 50723 | Vaults:2 | Found a transporter.
 50744 | Vaults:2 | Found a transporter.
 50831 | Vaults:2 | Found a staircase to the Crypt.
 51588 | Vaults:2 | Cast into level 3 of the Abyss (a wizard)
 51593 | Abyss:3  | Found a corrupted altar of Lugonu.
 51613 | Abyss:3  | Found a hazy altar of Hepliaklqana.
 51662 | Vaults:2 | Escaped the Abyss
 51719 | Vaults:3 | Gained Garbold as an ally
 51745 | Vaults:3 | Your ally Garbold died
 51859 | Vaults:3 | Reached skill level 21 in Shields
 51893 | Vaults:3 | Gained Blodwig as an ally
 52104 | Vaults:3 | Lost mutation: You are dopey. (Int -2) [potion of mutation]
 52104 | Vaults:3 | Lost mutation: You occasionally shout uncontrollably at
                  | your foes. [potion of mutation]
 52104 | Vaults:3 | Gained mutation: Your muscles are strong. (Str +2) [potion
                  | of mutation]
 52104 | Vaults:3 | Gained mutation: You sometimes lose the ability to read
                  | scrolls when taking damage. [potion of mutation]
 52104 | Vaults:3 | Gained mutation: You have very sharp teeth. [potion of
                  | mutation]
 52107 | Vaults:3 | Lost mutation: You sometimes lose the ability to read
                  | scrolls when taking damage. [potion of mutation]
 52107 | Vaults:3 | Lost mutation: Your body sometimes deteriorates upon taking
                  | damage. [potion of mutation]
 52107 | Vaults:3 | Lost mutation: You have very sharp teeth. [potion of
                  | mutation]
 52107 | Vaults:3 | Gained mutation: You are strong-willed. (Will+) [potion of
                  | mutation]
 52187 | Vaults:3 | Your ally Blodwig died
 52673 | Vaults:3 | Found Woinegeti's Antique Weapon Shoppe.
 52739 | Vaults:3 | Identified the +3 kite shield of the Cartwright {Dex+2}
 52739 | Vaults:3 | Noticed Asterion
 52754 | Vaults:3 | Killed Asterion
 52960 | Vaults:3 | Found a large runed translucent door.
 52961 | Vaults:3 | Found a large runed translucent door.
 52962 | Vaults:3 | Noticed Jingleheimer's ghost (adept NaFi)
 52962 | Vaults:3 | Found a large runed translucent door.
 52962 | Vaults:3 | Found a large runed translucent door.
 52964 | Vaults:3 | Found a large runed translucent door.
 52964 | Vaults:3 | Found a large runed translucent door.
 52964 | Vaults:3 | Found a large runed translucent door.
 52964 | Vaults:3 | Found a large runed translucent door.
 53020 | Vaults:3 | Killed Jingleheimer's ghost
 53228 | Vaults:3 | Identified the +3 cloak of Eritus {rElec Dex+4}
 53415 | Vaults:3 | Found a huge runed gate.
 53415 | Vaults:3 | Found a huge runed gate.
 53415 | Vaults:3 | Found a huge runed gate.
 53416 | Vaults:3 | Found a huge runed gate.
 53417 | Vaults:3 | Found a huge runed gate.
 53417 | Vaults:3 | Found a huge runed gate.
 53417 | Vaults:3 | Found a huge runed gate.
 53418 | Vaults:3 | Found a huge runed gate.
 53418 | Vaults:3 | Found a huge runed gate.
 53419 | Vaults:3 | Found a huge runed gate.
 53419 | Vaults:3 | Found a huge runed gate.
 53420 | Vaults:3 | Found a huge runed gate.
 53421 | Vaults:3 | Found a huge runed gate.
 53422 | Vaults:3 | Found a huge runed gate.
 53426 | Vaults:3 | Found a huge runed gate.
 53427 | Vaults:3 | Found a huge runed gate.
 53435 | Vaults:3 | Found a huge runed gate.
 53435 | Vaults:3 | Found a huge runed gate.
 53435 | Vaults:3 | Found a huge runed gate.
 53435 | Vaults:3 | Found a huge runed gate.
 53435 | Vaults:3 | Found a huge runed gate.
 53435 | Vaults:3 | Found a huge runed gate.
 53436 | Vaults:3 | Found a huge runed gate.
 53437 | Vaults:3 | Found a huge runed gate.
 53438 | Vaults:3 | Found a huge runed gate.
 53446 | Vaults:3 | Found a huge runed gate.
 53446 | Vaults:3 | Found a huge runed gate.
 53446 | Vaults:3 | Found a huge runed gate.
 53446 | Vaults:3 | Found a huge runed gate.
 53446 | Vaults:3 | Found a huge runed gate.
 53446 | Vaults:3 | Found a huge runed gate.
 53447 | Vaults:3 | Found a huge runed gate.
 53448 | Vaults:3 | Found a huge runed gate.
 53449 | Vaults:3 | Found a huge runed gate.
 53457 | Vaults:3 | Found a huge runed gate.
 53457 | Vaults:3 | Found a huge runed gate.
 53737 | Vaults:3 | Identified the ring of Uhetug {rElec rC+ MP+9 Dex-4 SInv}
 54891 | Vaults:4 | Reached XP level 21. HP: 182/191 MP: 33/33
 55536 | Vaults:4 | Found Efutoiro's Book Emporium.
 55563 | Vaults:4 | Slain by a war gargoyle

Illustrated notes

Levels and vault maps discovered:
D:1:      lightli_molten_gateway, layout_basic
D:2:      minmay_wonky_spiral, layout_rooms, minmay_misc_feat_pillars
D:3:      layout_basic, gup_sewer_entry_glass,
          dreamdust_ecumenical_altar_drowned_temple, uniq_crazy_yiuf_cottage
D:4:      layout_basic, minivault_19
D:5:      layout_rooms, lemuel_doored_altar
D:6:      layout_basic, minmay_temple_entry_purple_smoke, uniq_grinder
D:7:      layout_gridville, minmay_misc_feat_diagonals
D:8:      layout_loops_ring, serial_undead, serial_undead_c, serial_undead_d,
          serial_undead_a, serial_undead_f, serial_shops, shop,
          minmay_misc_feat_rugged
D:9:      layout_rooms, lair_entry_dummy, serial_rivers,
          chequers_serial_rivers_small_b, chequers_serial_rivers_micro_e,
          chequers_serial_rivers_micro_a, chequers_serial_rivers_room_a
D:10:     minmay_gate_of_8, layout_loops_corners, hiddenorc2_lemuel,
          enter_bailey_5, minmay_statue_bubble, uniq_maurice
D:11:     layout_roguey, serial_shops, nicolae_shop_stone,
          nicolae_shop_overgrown_old_shop, uniq_grum
D:12:     layout_small_grid
D:13:     layout_irregular_city, kennysheep_generic_room_2
D:14:     layout_small_grid, erik_vaults_2, serial_shops,
          nicolae_shop_waterfront, corexii_leaking_fountain,
          lightli_fourway_metalbox
D:15:     grunt_enter_depths_snipers, layout_loops_ring,
          nicolae_twisting_strands, grunt_decor_mini_mirrors,
          minmay_tree_intersection, st_stairs_3, minivault_13
Temple:   mainiacjoe_temple_starburst
Lair:1:   layout_concentric_octagons, grunt_megastairs_1,
          infiniplex_staircase_pool_2, uniq_harold, uniq_nergalle, uniq_sonja
Lair:2:   layout_gridlike, gauntlet_entry_generic, uniq_urug, uniq_gastronok
Lair:3:   layout_regular_city, minmay_swamp_entry_reptiles,
          hellmonk_spider_entry_life_and_decay, serial_bayou_shore_a
Lair:4:   layout_cave_shapes, uniq_kirke
Lair:5:   layout_regular_city, minmay_slime_entry_pillars,
          gammafunk_ghost_cemetery, hibernation_bobbens, grunt_megastairs_5
Lair:6:   evilmike_catoblepas_cave, layout_cave_pods, infiniplex_staircase_pool,
          lemuel_fruit_tree
Swamp:1:  layout_basic_swamp, evilmike_swamp_ruin_house_6, swamp_pool2,
          hangedman_swamp_grove
Swamp:2:  layout_basic_swamp, evilmike_swamp_ruin_house_5, uniq_nikola
Swamp:3:  nicolae_swamp_decorative_isthmus, layout_basic_swamp,
          evilmike_swamp_ruin_house_2, swamp_pool4, uniq_mara
Swamp:4:  swamp_pestilence, layout_basic_swamp
Spider:1: layout_spider_delve, nicolae_spider_shape
Spider:2: layout_spider_delve
Orc:1:    layout_caves, serial_shops
Orc:2:    grunt_orc_tribal_feast, layout_diamond_mine
Elf:1:    eino_elf_arrival_altar, layout_gridlike,
          kennysheep_underground_church, serial_sigils_hangedman_snap,
          not_door_vault_due, uniq_jorgrun, uniq_louise
Elf:2:    nicolae_elf_blades_crystal_corner, layout_gridlike,
          ebering_ghost_inner_flame, uniq_azrael
Elf:3:    minmay_elf_hall_statues, layout_loops_ring, laboratory
Vaults:1: v_pattern_3, nicolae_vaults_quartermaster, nicolae_vaults_alarming,
          vaults_room_corners, v_misc_33, v_misc_9, v_misc_10,
          grunt_vaults_hallway_long, vaults_room_octagon,
          nicolae_vaults_angled_halls, nicolae_vaults_little_ls,
          layout_vaults_ring
Vaults:2: nicolae_vaults_rhombus_5, hangedman_vaults_nails,
          minmay_crypt_entry_vampire_xt, gammafunk_the_bubble
          [the_bubble_gammafunk_plus_minus], nicolae_vaults_network_square,
          v_misc_23, hangedman_vaults_variations, nicolae_vaults_network_star,
          v_rooms_1, dpeg_vaults_monster_box, nicolae_vaults_little_squares_3,
          layout_vaults_omnicross
Vaults:3: advil_vaults_ghost_lines, vaults_room_pool, ontoclasm_vaults_gateway,
          nicolae_vaults_diagonal_hallway_6, v_misc_27, hangedman_vaults_trim,
          hangedman_vaults_unwind, door_vault, nicolae_vaults_rhombus_7,
          vaults_dpeg_diagonal, v_alt_pattern_1, grunt_vaults_hallway_long,
          v_misc_16, vaults_standard_mumra_lines, v_rooms_3, layout_vaults_maze,
          serial_shops, nicolae_shop_window_shopping, uniq_asterion
Vaults:4: v_alt_pattern_3, nicolae_vaults_network_s, nicolae_vaults_triangles,
          hangedman_vaults_restitches, nicolae_vaults_what_the_h,
          layout_vaults_omnigrid, serial_shops, shop

Skill      XL: |  1  2  3  4  5  6  7  8  9 10 11 12 13 14 15 16 17 18 19 20 |
---------------+-------------------------------------------------------------+-----
Fighting       | 4 5 7 8 9 10 11 12 13 14 15 16 17 | 17.1
Maces & Flails | 3 4 5 7 9 12 14 15 16 | 16.0
Armour         | 4 6 8 9 10 11 12 13 14 15 | 15.8
Shields        | 4 5 6 8 10 13 16 17 18 19 20 21 | 21.7
Invocations    | 2 4 5 6 8 10 11 12 14 15 16 17 | 17.1
Dodging        | 1 2 3 4 5 6 7 8 9 10 11 | 11.4
Evocations     | 6 9 10 11 12 13 14 | 14.7

Action                   |  1- 3 |  4- 6 |  7- 9 | 10-12 | 13-15 | 16-18 | 19-21 || total
-------------------------+-------+-------+-------+-------+-------+-------+-------++-------
Melee: Flail             |   133 |   251 |   306 |    97 |       |       |       ||   787
       Morningstar       |       |       |       |   383 |   647 |   892 |   895 ||  2817
       Unarmed           |       |       |       |       |       |     2 |       ||     2
       Mace              |       |       |       |       |       |       |    90 ||    90
       Eveningstar       |       |       |       |       |       |       |    92 ||    92
Invok: Convert to Beogh  |       |       |     1 |       |       |       |       ||     1
       Smiting           |       |       |       |    10 |    36 |    30 |    11 ||    87
       Recall Orcish Fol |       |       |       |       |     4 |     1 |     1 ||     6
       Stop Recall       |       |       |       |       |     1 |       |       ||     1
       Give Item to Name |       |       |       |       |       |       |     1 ||     1
Evoke: Wand              |       |       |     5 |     4 |       |       |       ||     9
       Phantom mirror    |       |       |       |       |       |     1 |       ||     1
       Lightning rod     |       |       |       |       |       |       |     3 ||     3
       Box of beasts     |       |       |       |       |       |       |     2 ||     2
       Phial of floods   |       |       |       |       |       |       |     2 ||     2
  Use: Scroll            |       |    11 |     3 |    10 |     5 |     9 |     9 ||    47
       Potion            |       |       |     2 |     2 |     1 |     7 |     9 ||    21
 Stab: Distracted        |       |       |       |     3 |    13 |    23 |     7 ||    46
       Paralysed         |       |       |       |       |       |     3 |       ||     3
Armor: Scale mail        |    51 |       |       |       |       |       |       ||    51
       Chain mail        |    50 |   133 |   167 |   266 |   321 |   372 |   261 ||  1570
Dodge: Dodged            |    62 |    69 |    87 |   141 |   155 |   224 |   260 ||   998
       Repelled          |       |       |     1 |     1 |     1 |       |       ||     3
Block: Buckler           |    35 |    55 |    91 |    55 |       |       |       ||   236
       Tower shield      |       |       |       |   203 |   569 |   967 |  1302 ||  3041
       Reflection        |       |       |       |       |       |    68 |    97 ||   165
